Map: Neon Violet Square LE

Players

Rogue - Winner!

  • Race: Zerg Zerg
  • Spawn Location: 5:00

Classic

  • Race: Protoss Protoss
  • Spawn Location: 11:00

Event: IEM Season 12 - Katowice

VOD

Have the link to the VOD?

Description

Time

  • Played on: March 4, 2018, 8:14 a.m.
  • Length: 27:00

All games in this series

Show
View Real Time Build Order
Export as new Build Order

Rogue Zerg - Winner!

Build Orders: Hatch First 

Get SALT Encoding   

  12  0:00  Drone  
  13  0:13  Overlord  
  13  0:17  Drone  
  14  0:31  Drone x2  
  16  0:49  Hatchery  
  15  0:52  Drone  
  15  0:56  Drone  
  17  0:59  Drone  
  18  1:10  Extractor  
  17  1:15  Spawning Pool  
  16  1:18  Drone  
  16  1:21  Drone  
  18  1:28  Drone  
  19  1:39  Drone  
  20  1:49  Overlord  
  20  2:02  Queen x2  
  20  2:03  Zergling x4  
  26  2:10  Metabolic Boost  
  26  2:14  Drone  
  27  2:16  Drone  
  27  2:22  Drone  
  29  2:23  Drone  
  30  2:33  Drone x2  
  32  2:44  Hatchery  
  32  2:49  Drone x2  
  33  2:55  Overlord  
  33  2:58  Drone  
  34  3:05  Drone  
  35  3:12  Drone  
  36  3:14  Drone x2  
  36  3:15  Drone  
  36  3:16  Drone x3  
  42  3:21  Drone x2  
  44  3:33  Spore Crawler x2, Queen  
  44  3:35  Overlord  
  44  3:44  Lair  
  44  3:46  Extractor  
  43  3:49  Drone  
  43  3:51  Overlord  
  43  3:53  Drone x2  
  46  3:56  Drone x4  
  46  3:58  Drone  
  50  4:03  Drone  
  50  4:07  Drone  
  50  4:09  Extractor  
  51  4:11  Queen  
  51  4:14  Spore Crawler  
  52  4:18  Drone  
  52  4:19  Drone x3  
  52  4:23  Zergling x4  
  58  4:25  Overlord  
  58  4:27  Extractor  
  57  4:37  Overlord  
  57  4:38  Drone  
  57  4:44  Hydralisk Den  
  57  4:45  Evolution Chamber  
  56  4:46  Drone  
  56  4:47  Drone x6  
  56  4:50  Drone  
  64  4:57  Drone x5  
  69  5:02  Overlord  
  69  5:05  Overlord  
  69  5:11  Extractor  
  68  5:18  Zerg Missile Weapons Level 1, Grooved Spines  
  68  5:19  Hydralisk x3  
  74  5:24  Hydralisk  
  74  5:25  Hydralisk  
  78  5:32  Hydralisk x2  
  78  5:33  Hydralisk  
  84  5:36  Drone x4  
  84  5:40  Overlord  
  88  5:45  Hydralisk  
  88  5:47  Overseer  
  88  5:48  Overlord  
  88  5:49  Overlord  
  89  6:00  Drone x7, Overseer  
  89  6:01  Extractor  
  95  6:11  Drone x8  
  96  6:14  Overlord  
  103  6:20  Hydralisk  
  103  6:23  Overlord x2  
  105  6:35  Hatchery  
  105  6:39  Hydralisk x4  
  112  6:44  Muscular Augments  
  112  6:48  Baneling Nest  
  112  6:49  Zergling x12  
  117  6:57  Zergling x8  
  117  6:58  Zergling x2  
  114  7:01  Hydralisk x3  
  114  7:04  Hydralisk  
  106  7:08  Hydralisk  
  106  7:11  Hydralisk x2  
  106  7:12  Queen  
  101  7:17  Drone  
  101  7:18  Zergling x6  
  97  7:23  Hydralisk x2  
  97  7:29  Queen  
  99  7:35  Drone x3  
  99  7:36  Drone x4  
  106  7:41  Drone  
  106  7:42  Drone  
  108  7:48  Zerg Melee Weapons Level 1  
  109  7:51  Drone x3, Queen, Evolution Chamber  
  109  7:56  Centrifical Hooks  
  112  8:02  Hydralisk x3  
  118  8:10  Hydralisk x4  
  126  8:17  Overlord x2  
  126  8:18  Overlord  
  126  8:19  Drone  
  128  8:20  Drone x2  
  128  8:24  Hydralisk x3  
  135  8:33  Overlord, Baneling x5  
  135  8:38  Zergling x20  
  145  8:42  Zergling x4  
  145  8:45  Baneling  
  145  8:46  Baneling  
  145  8:47  Baneling x3  
  147  8:50  Zergling x6  
  147  8:51  Zerg Ground Armor Level 1  
  150  8:56  Spine Crawler  
  150  8:57  Spine Crawler  
  150  9:00  Baneling  
  150  9:01  Baneling x21  
  148  9:05  Zergling x6  
  148  9:06  Zergling x8  
  148  9:09  Baneling x2  
  155  9:10  Overlord  
  155  9:18  Zergling x10  
  155  9:19  Infestation Pit, Zergling x2  
  155  9:20  Overlord  
  159  9:27  Zergling x16  
  159  9:30  Zergling x2  
  142  9:33  Zergling x2  
  142  9:37  Baneling x10  
  137  9:43  Drone x3  
  137  9:45  Queen  
  142  9:49  Pneumatized Carapace  
  142  9:51  Zerg Melee Weapons Level 2  
  142  9:54  Hatchery  
  142  9:55  Hive  
  142  9:58  Spire  
  140  10:04  Drone x2  
  140  10:05  Drone, Extractor  
  142  10:13  Overseer  
  142  10:19  Hatchery  
  142  10:20  Zergling x2, Hydralisk x2  
  142  10:21  Hydralisk  
  148  10:32  Zergling x30  
  161  10:38  Baneling x11  
  161  10:39  Baneling x7  
  161  10:42  Zergling x16  
  167  10:51  Overlord x2  
  167  10:56  Drone x3  
  170  11:00  Drone x3  
  170  11:03  Overlord  
  173  11:10  Overlord  
  173  11:16  Zergling x18  
  182  11:19  Baneling x2  
  182  11:20  Baneling x15  
  182  11:27  Zergling x2  
  182  11:28  Zergling x16  
  186  11:33  Zergling x2  
  186  11:35  Zergling x2  
  186  11:37  Zergling x2  
  169  11:40  Zergling x16  
  169  11:42  Zergling x2  
  169  11:43  Hydralisk  
  155  11:50  Baneling x6  
  155  11:51  Hydralisk x4  
  155  11:53  Zergling x2  
  155  11:54  Zergling x6  
  161  11:59  Zergling x2  
  161  12:00  Hydralisk x2  
  156  12:03  Queen  
  156  12:04  Baneling x13  
  156  12:05  Baneling x5, Zergling x2  
  156  12:06  Drone  
  157  12:12  Hatchery  
  156  12:20  Greater Spire  
  156  12:21  Overseer  
  156  12:28  Drone  
  157  12:30  Drone  
  157  12:31  Overlord  
  158  12:39  Hatchery  
  157  12:44  Corruptor x2  
  157  12:45  Corruptor x3  
  157  12:47  Overlord  
  168  13:05  Hatchery, Zergling x16  
  169  13:06  Zergling x18  
  169  13:07  Zergling x6  
  187  13:18  Adrenal Glands  
  187  13:19  Zerg Ground Armor Level 2  
  187  13:20  Zerg Melee Weapons Level 3  
  182  13:39  Drone x6, Zerg Flyer Weapons Level 1  
  182  13:40  Drone x3  
  189  13:44  Spore Crawler, Corruptor x3  
  189  13:45  Spore Crawler x2, Overlord  
  189  13:47  Spore Crawler  
  191  13:56  Brood Lord x2  
  191  13:57  Overlord  
  191  14:00  Spore Crawler  
  191  14:01  Spore Crawler x3  
  191  14:12  Brood Lord x3  
  191  14:13  Viper  
  200  14:17  Spore Crawler, Extractor  
  200  14:18  Drone  
  200  14:19  Drone  
  200  14:20  Spore Crawler x2  
  200  14:21  Drone x2, Spore Crawler  
  200  14:22  Spore Crawler  
  198  14:28  Overseer x2  
  198  14:29  Overseer  
  198  14:30  Brood Lord  
  200  14:44  Drone, Hatchery  
  200  14:47  Spore Crawler  
  200  14:51  Spore Crawler, Drone x2  
  198  14:53  Spore Crawler x2  
  198  14:56  Corruptor  
  198  15:05  Brood Lord  
  198  15:23  Spine Crawler  
  198  15:24  Spine Crawler  
  198  15:25  Corruptor  
  198  15:26  Spine Crawler, Brood Lord  
  198  15:28  Drone  
  200  15:30  Spore Crawler x2  
  200  15:33  Brood Lord  
  190  15:44  Corruptor  
  190  15:45  Corruptor  
  188  15:52  Drone x6  
  188  15:53  Drone x10  
  199  16:01  Spore Crawler, Zerg Flyer Weapons Level 2  
  199  16:02  Spore Crawler x4  
  199  16:03  Zerg Missile Weapons Level 2, Zerg Ground Armor Level 3  
  194  16:06  Ultralisk Cavern, Spire  
  194  16:07  Spore Crawler  
  191  16:12  Spore Crawler  
  191  16:13  Spore Crawler  
  191  16:14  Spore Crawler  
  191  16:15  Spore Crawler, Zergling x18  
  191  16:16  Spore Crawler  
  195  16:25  Extractor x2  
  191  16:33  Corruptor x3  
  197  16:43  Spore Crawler  
  196  16:47  Drone x3, Spine Crawler x2  
  196  16:48  Spore Crawler  
  196  16:50  Zergling x10  
  196  16:52  Overseer  
  195  16:59  Corruptor  
  195  17:00  Corruptor  
  197  17:04  Brood Lord  
  197  17:05  Zergling x2  
  199  17:26  Zerg Flyer Armor Level 1  
  199  17:27  Spore Crawler  
  199  17:29  Spore Crawler  
  197  17:31  Spore Crawler x2  
  197  17:32  Spore Crawler x2, Viper x2  
  194  17:43  Corruptor x2  
  188  17:58  Overlord  
  188  18:03  Zergling x2  
  188  18:04  Zergling x28  
  197  18:07  Drone x2  
  197  18:10  Chitinous Plating  
  195  18:15  Drone x3  
  195  18:18  Drone  
  199  18:25  Spore Crawler  
  199  18:26  Spore Crawler  
  197  18:28  Spore Crawler x3  
  197  18:30  Spore Crawler x2  
  191  18:40  Corruptor, Zergling x8  
  191  18:41  Corruptor x2  
  199  19:00  Evolution Chamber  
  199  19:02  Overseer  
  198  19:03  Evolution Chamber  
  198  19:05  Burrow  
  198  19:06  Zerg Missile Weapons Level 3, Spine Crawler  
  198  19:07  Spine Crawler x2, Zerg Flyer Weapons Level 3  
  194  19:11  Zergling x12  
  194  19:12  Baneling  
  194  19:13  Baneling x3  
  194  19:15  Hatchery  
  199  19:24  Drone  
  200  19:27  Zerg Flyer Armor Level 2  
  199  19:57  Drone  
  199  19:58  Overseer  
  198  20:08  Spore Crawler, Drone x2  
  198  20:09  Spore Crawler x2, Drone  
  198  20:10  Drone  
  198  20:11  Spore Crawler  
  198  20:12  Baneling x8  
  198  20:24  Drone  
  199  20:36  Spore Crawler  
  199  20:39  Spore Crawler  
  199  20:40  Spore Crawler  
  192  20:53  Drone  
  192  20:54  Drone x6  
  192  20:56  Overseer  
  193  21:14  Corruptor x9  
  183  21:26  Corruptor x10  
  183  21:35  Zergling x28  
  183  21:36  Zergling x10  
  183  21:38  Extractor x2  
  197  21:42  Drone x2  
  197  21:43  Extractor  
  197  21:44  Extractor  
  197  21:48  Drone x2  
  197  21:54  Hatchery  
  198  21:58  Zerg Flyer Armor Level 3  
  198  22:00  Zergling x2  
  199  22:09  Spine Crawler  
  199  22:10  Spore Crawler  
  197  22:18  Zergling x4  
  199  22:24  Zergling x2  
  198  22:36  Zergling x4  
  193  22:46  Drone x4  
  193  22:47  Drone  
  193  22:48  Zergling x2  
  193  22:49  Zergling x2  
  193  22:59  Baneling x6  
  193  23:04  Ultralisk  
  189  23:25  Viper x3  
  189  23:27  Zergling x2  
  196  23:35  Zergling x6  
  198  23:54  Zergling x4  
  197  24:16  Brood Lord x4  
  199  24:42  Zergling x6  
  199  24:45  Zergling x4  
  198  24:54  Zergling x2  
  199  25:04  Overlord  
  193  25:13  Overlord x2  
  193  25:21  Overlord  
  190  25:28  Overseer  
  190  25:29  Overlord  
  187  25:38  Zergling x2  
  187  25:39  Zergling x24  
  198  25:51  Zergling x4  
  199  26:07  Spore Crawler  
  199  26:08  Spore Crawler x3  
  196  26:11  Zergling x10  
  196  26:13  Overseer x5  
  196  26:18  Spore Crawler  
  199  26:25  Hatchery  
Show
View Real Time Build Order
Export as new Build Order

Classic Protoss 

Build Orders: 1 Gate Expand, Oracle Opening, Phoenix Opening, Zealot Archon, Archon Drop 

Get SALT Encoding   

  12  0:00  Probe  
  13  0:12  Probe  
  14  0:19  Pylon  
  14  0:24  Probe  
  15  0:37  Probe (Chrono Boost)  
  16  0:43  Gateway  
  16  0:47  Probe (Chrono Boost)  
  16  0:49  Assimilator  
  17  0:52  Probe (Chrono Boost)  
  18  1:04  Probe  
  19  1:16  Probe  
  20  1:24  Nexus  
  20  1:28  Probe  
  21  1:39  Cybernetics Core  
  21  1:42  Probe  
  22  1:47  Assimilator  
  22  1:54  Pylon  
  22  1:56  Probe  
  23  2:12  Probe  
  23  2:14  Adept (Chrono Boost)  
  24  2:18  Stargate  
  26  2:24  Probe  
  26  2:27  Warp Gate  
  27  2:32  Adept  
  27  2:36  Probe (Chrono Boost)  
  27  2:37  Probe (Chrono Boost)  
  31  2:46  Probe (Chrono Boost)  
  31  2:47  Probe (Chrono Boost)  
  33  2:51  Probe x2 (Chrono Boost)  
  35  3:01  Oracle (Chrono Boost)  
  35  3:03  Probe x2  
  40  3:10  Pylon  
  40  3:17  Probe x2  
  42  3:25  Adept  
  42  3:29  Probe x2  
  42  3:32  Phoenix (Chrono Boost)  
  46  3:35  Gateway  
  46  3:41  Probe x2  
  48  3:51  Nexus  
  48  3:58  Probe, Assimilator  
  48  4:01  Probe  
  48  4:02  Assimilator  
  50  4:08  Robotics Facility  
  50  4:14  Pylon  
  50  4:15  Probe x2  
  52  4:24  Twilight Council  
  52  4:25  Forge  
  52  4:28  Probe x2  
  54  4:38  Gateway  
  54  4:40  Gateway  
  54  4:42  Probe x2, Charge  
  56  4:52  Warp Prism (Chrono Boost)  
  56  4:56  Probe, Protoss Ground Weapons Level 1 (Chrono Boost)  
  56  4:57  Probe  
  60  5:04  Templar Archives  
  60  5:08  Probe  
  60  5:09  Probe x2  
  63  5:20  Probe  
  63  5:21  Probe x2  
  66  5:23  Gateway  
  66  5:24  Gateway  
  66  5:26  Gateway  
  66  5:30  Gateway  
  66  5:34  Pylon  
  66  5:36  Assimilator  
  66  5:38  Assimilator  
  66  5:41  Probe x3  
  69  5:44  High Templar x2  
  69  5:45  High Templar  
  69  5:47  High Templar  
  69  5:48  Archon  
  77  5:51  Archon  
  77  5:53  Observer  
  77  5:56  Pylon  
  78  5:58  Pylon  
  78  6:04  Pylon  
  78  6:05  Pylon  
  78  6:14  Immortal (Chrono Boost)  
  78  6:17  Protoss Ground Weapons Level 2 (Chrono Boost)  
  82  6:23  Zealot x7  
  96  6:25  Zealot  
  96  6:26  Psionic Storm  
  98  6:41  Pylon  
  98  6:46  Immortal  
  102  6:49  Pylon  
  96  7:02  Zealot  
  96  7:03  Zealot x4  
  96  7:04  Zealot  
  94  7:18  High Templar x3  
  94  7:22  Immortal (Chrono Boost)  
  94  7:23  High Templar  
  94  7:26  Probe x3  
  94  7:28  Pylon  
  97  7:36  Nexus  
  97  7:39  Pylon  
  97  7:47  Gateway  
  97  7:48  Gateway  
  96  7:54  Probe, Observer  
  96  7:55  Probe x2  
  96  7:57  High Templar x4  
  96  7:58  Photon Cannon  
  108  8:02  Archon x2  
  108  8:06  Zealot x3  
  108  8:07  Zealot  
  108  8:12  Gateway  
  116  8:15  Gateway  
  116  8:21  Assimilator  
  116  8:24  Probe x3  
  116  8:26  Assimilator  
  119  8:31  Protoss Ground Weapons Level 3 (Chrono Boost)  
  119  8:34  High Templar x2  
  119  8:35  Zealot x2, High Templar x2  
  119  8:37  Zealot  
  119  8:38  Archon  
  119  8:40  Zealot, Archon  
  135  9:02  Pylon, Zealot x2, High Templar x2  
  139  9:07  Archon  
  139  9:08  Zealot x4  
  151  9:27  Zealot x2  
  151  9:28  Zealot x5  
  151  9:30  Zealot  
  120  9:36  Probe x4  
  111  9:40  High Templar x2  
  111  9:44  Photon Cannon  
  115  9:48  High Templar x2  
  115  9:50  High Templar x2  
  124  9:52  Probe  
  124  9:53  Probe x2  
  124  9:54  Archon  
  124  9:55  Probe  
  127  10:00  High Templar x2  
  127  10:03  Immortal (Chrono Boost)  
  135  10:07  Archon  
  135  10:19  Zealot x4, High Templar x2  
  135  10:20  Zealot  
  149  10:24  Archon  
  149  10:27  Probe  
  150  10:29  Pylon  
  150  10:34  Photon Cannon  
  150  10:35  Pylon  
  150  10:38  Photon Cannon  
  150  10:46  High Templar x4  
  158  10:50  Archon x2  
  158  10:52  Zealot x2  
  158  10:53  Zealot x3  
  168  10:59  Pylon  
  168  11:10  High Templar  
  168  11:11  High Templar  
  172  11:14  Archon  
  172  11:15  High Templar  
  172  11:16  Zealot x4, High Templar  
  184  11:20  Archon  
  184  11:21  Zealot x4  
  192  11:28  Immortal  
  127  11:47  Zealot x3  
  125  11:59  Zealot x7  
  125  12:01  Archon  
  125  12:10  Stargate  
  125  12:11  Fleet Beacon  
  125  12:20  High Templar x2  
  125  12:22  Probe x4  
  133  12:34  Probe x3  
  133  12:35  Probe, High Templar x4  
  145  12:40  Archon x2  
  145  12:51  Tempest x2 (Chrono Boost)  
  145  12:56  Mothership (Chrono Boost)  
  165  13:12  Nexus  
  165  13:17  Zealot x2  
  167  13:32  Tempest x2 (Chrono Boost)  
  167  13:39  Photon Cannon, Warp Prism (Chrono Boost)  
  179  13:54  Protoss Air Weapons Level 1 (Chrono Boost)  
  179  13:57  Nexus  
  179  14:00  Pylon  
  179  14:06  Tempest (Chrono Boost)  
  179  14:07  Void Ray (Chrono Boost)  
  189  14:19  Photon Cannon  
  189  14:21  High Templar x2  
  193  14:31  Robotics Bay  
  193  14:37  High Templar x2  
  197  14:40  Assimilator  
  197  14:41  Zealot  
  197  14:43  Gateway  
  199  14:46  Pylon, Archon, Assimilator  
  199  14:52  Photon Cannon  
  199  14:54  Photon Cannon  
  199  14:58  Cybernetics Core  
  188  15:10  Photon Cannon  
  188  15:13  Photon Cannon  
  188  15:17  Gravitic Drive (Chrono Boost), Warp Prism (Chrono Boost)  
  188  15:22  High Templar x2  
  192  15:32  High Templar  
  192  15:33  High Templar  
  196  15:40  Zealot x3  
  196  15:41  Zealot  
  192  15:50  Protoss Air Weapons Level 2 (Chrono Boost)  
  192  15:55  Probe x4  
  194  15:58  Void Ray (Chrono Boost)  
  194  16:03  Cybernetics Core  
  198  16:07  Probe  
  199  16:14  Photon Cannon  
  199  16:19  Photon Cannon  
  199  16:24  Pylon  
  199  16:30  Photon Cannon  
  199  16:45  Observer  
  192  16:56  Zealot x5  
  192  16:57  Zealot  
  192  16:59  Probe x4  
  174  17:16  Void Ray x2 (Chrono Boost)  
  174  17:18  Protoss Air Armor Level 1 (Chrono Boost)  
  182  17:28  Photon Cannon x2  
  182  17:30  Photon Cannon  
  182  17:40  Nexus  
  182  17:42  Pylon  
  182  17:45  Observer (Chrono Boost)  
  182  17:49  Observer Gravitic Boosters  
  183  17:51  Robotics Facility  
  183  17:56  Zealot x5  
  183  17:58  Observer (Chrono Boost)  
  174  18:14  Tempest (Chrono Boost), Warp Prism (Chrono Boost)  
  174  18:15  Void Ray (Chrono Boost)  
  174  18:19  Protoss Shields Level 1 (Chrono Boost)  
  186  18:26  Probe x5  
  191  18:34  Archon  
  191  18:37  High Templar x3  
  191  18:38  High Templar  
  191  18:40  Archon  
  193  18:43  High Templar  
  193  18:44  High Templar  
  197  18:48  Photon Cannon  
  197  18:50  Photon Cannon  
  197  18:53  Photon Cannon  
  197  19:08  Blink  
  197  19:09  Warp Prism (Chrono Boost)  
  199  19:20  Assimilator x2  
  199  19:22  High Templar x4  
  197  19:33  Photon Cannon  
  197  19:34  Shield Battery  
  197  19:35  Photon Cannon  
  197  19:37  Pylon  
  197  19:44  Extended Thermal Lance  
  193  20:24  Archon  
  193  20:27  High Templar x2  
  197  20:31  Archon  
  187  20:38  Void Ray (Chrono Boost)  
  187  20:42  Void Ray (Chrono Boost)  
  195  20:48  Pylon, Protoss Air Weapons Level 3 (Chrono Boost)  
  195  20:49  Photon Cannon  
  192  20:51  Photon Cannon, Protoss Air Armor Level 2 (Chrono Boost)  
  192  20:52  Photon Cannon  
  192  20:55  Photon Cannon  
  192  21:00  Photon Cannon  
  192  21:03  Pylon  
  192  21:16  High Templar x2  
  192  21:17  High Templar  
  194  21:22  Zealot x2  
  194  21:23  Zealot x2  
  188  21:30  Zealot x2  
  180  21:41  Tempest x2  
  192  21:47  Observer, Stalker  
  192  21:48  Stalker x3  
  200  22:08  Pylon  
  200  22:21  Pylon  
  192  22:30  Zealot x4  
  192  22:35  Dark Shrine  
  198  22:39  Warp Prism (Chrono Boost)  
  196  22:44  Mothership (Chrono Boost)  
  196  22:55  High Templar x2  
  200  23:01  Archon  
  160  23:30  Tempest (Chrono Boost)  
  160  23:31  Tempest (Chrono Boost)  
  160  23:33  Zealot x2  
  160  23:34  Zealot x5  
  155  23:35  Probe x4  
  163  23:45  Pylon  
  163  23:47  Probe  
  155  23:51  High Templar  
  155  23:52  High Templar x4  
  165  23:56  Archon x2  
  165  23:57  High Templar x4  
  165  23:58  Stalker x3  
  165  24:02  Archon x2  
  178  24:10  Void Ray x2 (Chrono Boost)  
  185  24:38  Dark Templar  
  187  24:42  Nexus  
  187  24:44  Pylon  
  183  24:51  Pylon, Nexus  
  174  24:55  Stalker x3  
  174  24:59  Dark Templar  
  163  25:26  Zealot  
  163  25:27  Zealot x2  
  165  25:35  High Templar x2  
  167  25:42  Archon  
  162  25:56  Probe x3  
  162  25:57  Probe x2  
  167  26:07  High Templar x2  
  171  26:11  Archon  
  137  26:41  Archon  

Tags
 
Add a new tag
Caveats
  • Supply blocks, unpowered buildings, or Contaminate may cause inaccurate times.
  • Supply counts are checked every 10 seconds.